 Dungeon Crawl Stone Soup version 0.26.1-10-gdfb7c7de75 (webtiles) character file.

Game seed: 17856740752352671612

37 diana the Ducker (level 3, -3/28 HPs)
             Began as a Demonspawn Gladiator on Apr 11, 2021.
             Shot with an arrow by a centaur (6 damage)
             ... on level 2 of the Dungeon.
             The game lasted 00:01:18 (1235 turns).

diana the Ducker (Demonspawn Gladiator)             Turns: 1235, Time: 00:01:18

Health: -3/28      AC:  4    Str: 15    XL:     3   Next: 21%
Magic:  12/12      EV: 13    Int:  9    God:
Gold:   47         SH:  0    Dex: 14    Spells: 2/2 levels left

rFire    . . .     SeeInvis .   a - +0 long sword
rCold    . . .     Faith    .   (no shield)
rNeg     . . .     Spirit   .   b - +0 leather armour
rPois    .         Reflect  .   c - +0 helmet
rElec    .         Harm     .   (no cloak)
rCorr    .         Rampage  .   (no gloves)
Will     .....                  (no boots)
Stlth    +.........             (no amulet)
HPRegen  0.09/turn              e - ring of magical power
MPRegen  0.13/turn              (no ring)

@: about to teleport
A: miasma immunity, sturdy frame 1
a: no special abilities


You were on level 2 of the Dungeon.
You visited 1 branch of the dungeon, and saw 2 of its levels.

You collected 47 gold pieces.

Inventory:

Hand Weapons
 a - a +0 long sword (weapon)
Missiles
 d - 3 throwing nets (quivered)
Armour
 b - a +0 leather armour (worn)
 c - a +0 helmet (worn)
Jewellery
 e - a ring of magical power (left hand)
Scrolls
 g - a scroll of teleportation
 i - a scroll of random uselessness {unknown}
 j - a scroll of magic mapping {unknown}
 k - a scroll of remove curse {unknown}
 l - a scroll of blinking {unknown}
Potions
 f - 3 potions of curing {unknown}
 h - a potion of heal wounds {unknown}


   Skills:
 + Level 2.3 Fighting
 + Level 3.0 Long Blades
 - Level 1.7 Throwing
 + Level 1.0 Armour
 * Level 3.2 Dodging


You had 2 spell levels left.
You didn't know any spells.
Your spell library was empty.

Dungeon Overview and Level Annotations

Branches:
Dungeon (2/15)

Altars:
Cheibriados
Vehumet

Annotations:
D:2 Robin


Innate Abilities, Weirdness & Mutations

You are immune to miasma.
Your movements are slightly less encumbered by armour. (ER -2)


Message History

The goblins go into a battle-frenzy!
A goblin comes into view. It is wielding a +0 club.
The centaur shoots an arrow.
The arrow hits you! The bat barely misses you.
You see here an arrow.
You are too injured to fight recklessly!
You are too injured to fight recklessly!
You are too injured to fight recklessly!
You are too injured to fight recklessly!
Unknown command.
As you read the scroll labelled KALEES ONKASK, it crumbles to dust.
You feel strangely unstable.
It was a scroll of teleportation.
The goblin shouts!
The bat hits you but does no damage. The bat misses you.
The goblin completely misses you. The bat closely misses you.
You riposte.
You slash the bat!
You kill the bat!
The centaur shoots an arrow.
The arrow hits you!
* * * LOW HITPOINT WARNING * * *
The centaur shoots an arrow.
The arrow hits you.
You die...

...........#..#.#
...............#.#
.............##...#
..................#
.............##...#
.............##...#
#.!.........##...#
..c.........##...#
###...@....##.#..
#.gg#######.....
#.gg# ####..# +gg.#
..# #.gg# #gg.#
#.gg# ...g# .....#


You could see a centaur, Robin, 2 hobgoblins and 10 goblins.

Vanquished Creatures
  A worm (D:2)
  4 ball pythons
  2 giant cockroaches (D:1)
  A goblin (D:2)
  6 hobgoblins
  7 kobolds
  3 bats
  4 frilled lizards
  5 rats
33 creatures vanquished.

Notes
Turn   | Place    | Note
-------+----------+-------------------------------------------
     0 | D:1      | diana the Demonspawn Gladiator began the quest for the Orb.
     0 | D:1      | Reached XP level 1. HP: 16/16 MP: 1/1
   346 | D:1      | Gained mutation: You are immune to miasma. [demonic
                  | ancestry]
   346 | D:1      | Reached XP level 2. HP: 17/22 MP: 2/2
  1032 | D:2      | Found a radiant altar of Vehumet.
  1032 | D:2      | Found a snail-covered altar of Cheibriados.
  1045 | D:2      | Gained mutation: Your movements are slightly less
                  | encumbered by armour. (ER -2) [demonic ancestry]
  1045 | D:2      | Reached XP level 3. HP: 28/28 MP: 3/3
  1061 | D:2      | Reached skill level 1 in Armour
  1232 | D:2      | Noticed Robin
  1232 | D:2      | Noticed a centaur
  1235 | D:2      | Shot with an arrow by a centaur

Illustrated notes

Levels and vault maps discovered:
D:1:      dpeg_arrival_rooms_with_view, layout_basic
D:2:      layout_basic, lemuel_doored_altar, grunt_temple_overflow_open,
          lemuel_old_faithful, uniq_robin

Skill      XL: |  1  2  3 |
---------------+----------+-----
Dodging        | 3 |  3.2
Armour         | 1 |  1.0
Long Blades    | 3 |  3.0
Fighting       | |  2.3
Throwing       | |  1.7

Action                   || total
-------------------------++-------
Melee: Long sword        ||    68
  Use: Scroll            ||     1
Armor: Leather armour    ||    19
Dodge: Dodged            ||    60
       Rpst.: Long sword ||    21
